 Dungeon Crawl Stone Soup version 0.29-a0-284-gf9362112df (webtiles) character file.

Game seed: 2342665636190509306

17 sammy202020 the Skirmisher (level 2, 0/24 HPs)
             Began as a Demonspawn Berserker on Mar 23, 2022.
             Was a Follower of Trog.
             Constricted to death by a ball python (1 damage)
             ... on level 1 of the Dungeon.
             The game lasted 00:00:29 (494 turns).

sammy202020 the Skirmisher (Demonspawn Berserker)    Turns: 494, Time: 00:00:29

Health: 0/24       AC:  2    Str: 17    XL:     2   Next: 44%
Magic:  2/2        EV:  9    Int:  8    God:    Trog [*.....]
Gold:   0          SH:  0    Dex: 12    Spells: 1/1 levels left

rFire   . . .      SeeInvis .   a - +0 hand axe
rCold   . . .      Faith    .   (no shield)
rNeg    . . .      Spirit   .   b - +0 animal skin
rPois   .          Reflect  .   (no helmet)
rElec   .          Harm     .   (no cloak)
rCorr   .          Rampage  .   (no gloves)
Will    .....                   (no boots)
Stlth   +.........              (no amulet)
HPRegen 0.08/turn               (no ring)
MPRegen 0.08/turn               (no ring)

@: constricted
A: demonic magic 1
a: Renounce Religion, Berserk


You were on level 1 of the Dungeon.
You worshipped Trog.
Trog was aware of your devotion.
You visited 1 branch of the dungeon, and saw 1 of its levels.

Inventory:

Hand Weapons
 a - a +0 hand axe (weapon)
Armour
 b - a +0 animal skin (worn)


   Skills:
 * Level 3.2 Fighting
 * Level 3.0 Axes
 * Level 2.1 Armour
 + Level 1.9 Dodging


You had one spell level left.
You didn't know any spells.
Your spell library was empty.

Dungeon Overview and Level Annotations

Branches:
Dungeon (1/15)

Altars:


Innate Abilities, Weirdness & Mutations

Spells you cast may paralyse adjacent enemies.


Message History

The goblin is moderately wounded.
You hit the ball python. x2; The ball python bites you.
The ball python misses you. The goblin hits you with a +0 dagger.
The ball python bites you but does no damage.
The ball python grabs you. The ball python constricts you.
The giant cockroach waves its antennae.
The ball python bites you but does no damage.
You hit the ball python.
The ball python is severely wounded.
You hit the ball python but do no damage.
You closely miss the goblin. The ball python bites you.
The ball python constricts you. The goblin hits you with a +0 dagger.
The ball python bites you.
* * * LOW HITPOINT WARNING * * *
You fail to use your ability.
The ball python barely misses you. The ball python constricts you.
* * * LOW HITPOINT WARNING * * *
The giant cockroach barely misses you. The goblin hits you with a +0 dagger.
* * * LOW HITPOINT WARNING * * *
The ball python closely misses you. The ball python bites you.
* * * LOW HITPOINT WARNING * * *
The ball python constricts you. The giant cockroach closely misses you.
You hit the giant cockroach but do no damage.
You hit the goblin. You hit the ball python.
You kill the ball python!
Trog accepts your kill.
You hit the ball python but do no damage.
The goblin misses you. The ball python barely misses you.
The ball python closely misses you. The giant cockroach misses you.
You barely miss the giant cockroach. You completely miss the ball python.
You hit the goblin.
You kill the goblin!
Trog accepts your kill. The ball python bites you.
* * * LOW HITPOINT WARNING * * *
The ball python barely misses you.
The giant cockroach bites you but does no damage.
The ball python bites you but does no damage.
The ball python grabs you. The ball python constricts you.
You die...

#### ...........#
...........# ...........#
..!.......$.#
#...........#
#...........# ###
#......B)...# #..
#......S@.# #..
#.........# #..
#.........# #..
#.....†...# #..
#.........# #######..
#....†....# #........
#####+#'### #.#######
#####...#########.# #####
..................###....


You could see a giant cockroach and a ball python.

Vanquished Creatures
  2 dart slugs (D:1)
  2 ball pythons (D:1)
  An endoplasm (D:1)
  A goblin (D:1)
  4 jackals (D:1)
  A quokka (D:1)
  A bat (D:1)
12 creatures vanquished.

Notes
Turn   | Place    | Note
-------+----------+-------------------------------------------
     0 | D:1      | sammy202020 the Demonspawn Berserker began the quest for
                  | the Orb.
     0 | D:1      | Reached XP level 1. HP: 18/18 MP: 1/1
   150 | D:1      | Gained mutation: Spells you cast may paralyse adjacent
                  | enemies. [demonic ancestry]
   150 | D:1      | Reached XP level 2. HP: 12/24 MP: 2/2
   494 | D:1      | HP: 1/24 [ball python (2)]
   494 | D:1      | Constricted to death by a ball python

Illustrated notes

Levels and vault maps discovered:
D:1:      mrwooster_arrival_statue_3, layout_basic, minmay_domino_4

Skill      XL: |  1  2 |
---------------+-------+-----
Armour         | 2 |  2.1
Axes           | 3 |  3.0
Fighting       | |  3.2
Dodging        | |  1.9

Action                   || total
-------------------------++-------
Melee: Hand axe          ||    21
Armor: Animal skin       ||     7
Dodge: Dodged            ||    26

Table legend: (Time is in decaauts)
 A = Elapsed time spent in this place.
 B = Non-inter-level travel time spent in this place.
 C = Inter-level travel time spent in this place.
 D = Time resting spent in this place.
 E = Time spent auto-exploring this place.
 F = Levels seen in this place.
 G = Mean time per level.
                   A        B        C        D        E       F      G
               +--------+--------+--------+--------+--------+-----+--------+
         Total |    496 |    496 |      0 |      0 |    450 |   1 |  496.0 |
       Dungeon |    496 |    496 |      0 |      0 |    450 |   1 |  496.0 |
               +--------+--------+--------+--------+--------+-----+--------+

Top non-repeatable levels by time:
     D:1: 496 daAuts
